 Dungeon Crawl Stone Soup version 0.30-a0-672-gc3a7216ad8 (webtiles) character file.

Game seed: 5067186875382599597

49 dr0g0th the Trooper (level 3, -3/27 (29) HPs)
             Began as a Demonspawn Fighter on Jan 18, 2023.
             Slain by Crazy Yiuf
             ... wielding a +3 quarterstaff of chaos
              (10 damage)
             ... on level 2 of the Dungeon.
             The game lasted 00:01:06 (1819 turns).

dr0g0th the Trooper (Demonspawn Fighter)            Turns: 1819, Time: 00:01:07

HP:   -3/27 (29)    AC:  9    Str: 18    XL:     3   Next: 51%
MP:   3/3           EV:  6    Int:  9    God:
Gold: 175           SH:  4    Dex: 12    Spells: 2/2 levels left

rFire   . . .      SeeInvis .    a - +0 trident
rCold   . . .      Faith    .    c - +0 buckler
rNeg    . . .      Spirit   .    j - +0 chain mail
rPois   .          Reflect  .    (no helmet)
rElec   .          Harm     .    (no cloak)
rCorr   .          Rampage  .    (no gloves)
Will    .....                    (no boots) Stlth
                                 (no amulet)
HPRegen 0.24/turn                (no ring)
MPRegen 0.08/turn                (no ring)

@: mighty, lethally poisoned (-3 -> -11), drained
A: powered by death 1
a: no special abilities


You were on level 2 of the Dungeon.
You visited 1 branch of the dungeon, and saw 2 of its levels.

You collected 175 gold pieces.

Inventory:

Hand Weapons
 a - a +0 trident (weapon)
Armour
 c - a +0 buckler (worn)
 j - a +0 chain mail (worn)
Jewellery
 l - the amulet of Elemental Vulnerability {rPois rF-- rC-- AC+8}
   (You found it on level 2 of the Dungeon)

   [amulet of nothing]

   AC:        It affects your AC (+8).
   rF:        It makes you very vulnerable to fire.
   rC:        It makes you very vulnerable to cold.
   rPois:     It protects you from poison.
Scrolls
 b - a scroll of amnesia {unknown}
 f - 3 scrolls of teleportation {unknown}
 m - a scroll of immolation {unknown}
Potions
 e - 2 potions of flight {unknown}
 g - a potion of degeneration {unknown}
 h - a potion of berserk rage {unknown}
 i - a potion of magic {unknown}
 k - 2 potions of curing {unknown}


   Skills:
 + Level 3.3 Fighting
 + Level 2.5 Polearms
 + Level 3.0 Armour
 + Level 3.1 Shields


You had 2 spell levels left.
You didn't know any spells.
Your spell library contained the following spells:

 Spells                   Type           Power      Damage    Failure   Level
 Slow                     Hex            0%         N/A       100%        1
 Confusing Touch          Hex            0%         N/A       100%        3
 Vampiric Draining        Necr           0%         2d6       100%        3


Dungeon Overview and Level Annotations

Branches:
Dungeon (2/15)

Altars:

Annotations:
D:2 Crazy Yiuf


Innate Abilities, Weirdness & Mutations

You regenerate a little health from kills.


Message History

No target in view!
Key pressed, stopping explore.
No target in view!
Key pressed, stopping explore.
No target in view!
There is an open door here.
You see here a +0 dagger.
You see here 4 stones.
Key pressed, stopping explore.
No target in view!
Crazy Yiuf shouts!
Key pressed, stopping explore.
Crazy Yiuf says, "Crazy?
Crazy!?
PORCUPINE!"
Failed to move towards target.
Failed to move towards target.
Failed to move towards target.
Could not explore, unopened runed door.
Failed to move towards target.
Could not explore, unopened runed door.
Failed to move towards target.
Failed to move towards target.
Could not explore, unopened runed door.
Sorry, you're not good enough to have a special ability.
You feel very mighty all of a sudden.
You open the door. You puncture Crazy Yiuf!
Crazy Yiuf is heavily wounded.
Crazy Yiuf barely misses you.
You closely miss Crazy Yiuf.
Crazy Yiuf is heavily wounded.
Crazy Yiuf hits you with a +3 quarterstaff of chaos.
You are poisoned.
You closely miss Crazy Yiuf.
Crazy Yiuf is heavily wounded.
You feel very sick.
Crazy Yiuf hits you with a +3 quarterstaff of chaos!
You feel drained.
* * * LOW HITPOINT WARNING * * *
Crazy Yiuf hits you with a +3 quarterstaff of chaos!
You die...

##########†#####..######.#.######
...........# #....# #.......>...
############ ♣....♣ #...#.##.###
...........# ♣♣...♣ #.......<...
####.......# ♣♣.♣♣ #.###....###
...+.......# ♣♣.♣ #...........
####.......# ♣.♣♣ #####.######
#.......# ♣♣.♣ ##.# ####.......#
♣@♣♣ #..# .....÷.....# #g# ###..#
#####.###### ... #....#
...........# #...# #.##.#
#####..##### #)..# ##.##.#
...........# ##### #..##.#
######.....# #.....#
##...'.....###### ##.#####
.#.###..........# #..#


You could see Crazy Yiuf.

Vanquished Creatures
  An adder (D:2)
  3 worms (D:2)
  A dart slug (D:1)
  A ball python (D:1)
  3 bats (D:1)
  2 giant cockroaches (D:2)
  4 goblins (D:1)
  A hobgoblin (D:2)
  2 jackals (D:1)
  5 kobolds
  A quokka (D:1)
  2 frilled lizards (D:1)
  2 rats (D:1)
28 creatures vanquished.

Notes
Turn   | Place    | Note
-------+----------+-------------------------------------------
     0 | D:1      | dr0g0th the Demonspawn Fighter began the quest for the Orb.
     0 | D:1      | Reached XP level 1. HP: 18/18 MP: 1/1
   122 | D:1      | Gained mutation: You regenerate a little health from kills.
                  | [demonic ancestry]
   122 | D:1      | Reached XP level 2. HP: 22/24 MP: 2/2
  1063 | D:2      | Found a runed translucent door.
  1064 | D:2      | Noticed Crazy Yiuf
  1181 | D:2      | Reached XP level 3. HP: 27/29 MP: 3/3
  1531 | D:2      | Found the amulet of Elemental Vulnerability {rPois rF--
                  | rC-- AC+8}
  1819 | D:2      | Slain by Crazy Yiuf

Illustrated notes

Levels and vault maps discovered:
D:1:      nzn_arrival_settlement, layout_basic
D:2:      layout_basic, uniq_crazy_yiuf_cottage

Skill      XL: |  1  2  3 |
---------------+----------+-----
Polearms       | 2 |  2.5
Shields        | 3 |  3.1
Armour         | 3 |  3.0
Fighting       | |  3.3

Action                   || total
-------------------------++-------
Melee: Trident           ||    90
  Use: Potion            ||     1
Armor: Scale mail        ||    15
       Chain mail        ||    18
Dodge: Dodged            ||    18
Block: Buckler           ||     9

Table legend: (Time is in decaauts)
 A = Elapsed time spent in this place.
 B = Non-inter-level travel time spent in this place.
 C = Inter-level travel time spent in this place.
 D = Time resting spent in this place.
 E = Time spent auto-exploring this place.
 F = Levels seen in this place.
 G = Mean time per level.
                   A        B        C        D        E       F      G
               +--------+--------+--------+--------+--------+-----+--------+
         Total |   1839 |   1729 |    110 |     24 |   1482 |   2 |  919.5 |
       Dungeon |   1839 |   1729 |    110 |     24 |   1482 |   2 |  919.5 |
               +--------+--------+--------+--------+--------+-----+--------+

Top non-repeatable levels by time:
     D:1: 1026 daAuts
     D:2: 812 daAuts
